Map: Catalyst LE

Players

IvyRex - Winner!

  • Race: Terran Terran
  • League: Gold
  • Spawn Location: 11:00

A.I. 1 (Very Easy)

  • Race: Zerg Zerg
  • Spawn Location: 5:00

VOD

Have the link to the VOD?

Description

Time

  • Played on: July 25, 2018, 11:20 a.m.
  • Length: 10:49
Show
View Real Time Build Order
Export as new Build Order

IvyRex Terran - Winner!

Build Orders: Liberator Opening 

Get SALT Encoding   

  12  0:01  SCV  
  13  0:14  SCV  
  14  0:20  Supply Depot  
  14  0:26  SCV  
  15  0:31  Refinery  
  15  0:41  SCV  
  16  0:49  Barracks  
  16  0:53  SCV  
  17  1:06  SCV  
  18  1:18  SCV  
  19  1:36  Orbital Command, Barracks Reactor  
  19  1:48  Command Center  
  19  2:00  Factory  
  19  2:06  SCV  
  20  2:17  Marine x2  
  20  2:20  Supply Depot  
  22  2:24  SCV  
  23  2:31  Refinery  
  23  2:41  Marine x2  
  23  2:42  SCV  
  26  2:48  Starport  
  26  2:51  Factory Tech Lab  
  26  2:57  SCV  
  27  3:02  Supply Depot  
  27  3:06  Marine  
  27  3:07  Marine  
  29  3:14  Orbital Command  
  29  3:22  Siege Tank  
  32  3:30  Supply Depot  
  32  3:32  Marine  
  33  3:35  Liberator, Marine  
  33  3:40  SCV  
  35  3:52  SCV  
  39  3:59  SCV  
  40  4:07  Supply Depot  
  40  4:10  Marine x2  
  40  4:11  SCV  
  40  4:13  SCV  
  44  4:23  SCV  
  45  4:27  Siege Tank  
  45  4:30  Marine x2  
  50  4:35  Supply Depot  
  50  4:36  SCV x2  
  52  4:42  Starport Reactor  
  52  4:50  Barracks  
  52  4:52  Barracks  
  52  5:00  Siege Tank  
  55  5:07  Marine x2  
  57  5:22  SCV x2  
  59  5:31  Supply Depot  
  59  5:34  SCV x2  
  61  5:39  Siege Tank  
  61  5:40  Medivac  
  66  5:46  Medivac  
  68  5:50  Refinery  
  68  5:54  Refinery  
  68  5:55  SCV  
  68  5:56  SCV  
  70  6:00  Marine x2  
  70  6:02  Barracks Tech Lab  
  70  6:03  Barracks Tech Lab  
  72  6:08  SCV x2  
  72  6:11  Supply Depot  
  74  6:12  Supply Depot  
  74  6:27  Marine x2  
  74  6:29  Marine x2  
  74  6:31  SCV x2  
  80  6:34  Supply Depot  
  80  6:45  Marine x2, Medivac x2  
  80  6:47  Marine  
  86  6:50  Siege Tank  
  86  6:54  SCV x2  
  92  6:58  Combat Shield  
  92  7:00  Stimpack  
  92  7:08  Supply Depot  
  92  7:09  Supply Depot  
  92  7:19  Reaper x2  
  92  7:20  Reaper x2  
  96  7:23  SCV x2  
  96  7:25  Siege Tank  
  101  7:31  Supply Depot  
  101  7:32  Supply Depot  
  101  7:40  Barracks  
  101  7:43  Barracks  
  101  7:54  Supply Depot, Marine  
  101  7:55  Marine x3  
  101  7:56  Supply Depot  
  101  7:58  Siege Tank  
  108  7:59  Medivac x2  
  112  8:12  Marine x2  
  112  8:13  Marine x2  
  116  8:22  Engineering Bay  
  116  8:26  Engineering Bay  
  116  8:28  Barracks Reactor  
  116  8:30  Marine x3, Barracks Reactor  
  116  8:31  Marine  
  120  8:36  Supply Depot  
  120  8:38  Supply Depot  
  120  8:45  Medivac x2  
  120  8:48  Marine x3  
  124  8:49  Marine  
  124  8:50  Siege Tank  
  124  8:54  Terran Infantry Weapons Level 1  
  131  9:00  Supply Depot  
  131  9:01  Supply Depot  
  131  9:06  Marine x3  
  131  9:07  Marine  
  135  9:13  Marine x4  
  139  9:23  Supply Depot  
  139  9:24  Marine x4  
  140  9:26  Supply Depot  
  140  9:31  Marine x3  
  146  9:50  Marine x3  
  146  9:51  Marine x2  
  151  9:54  Siege Tank  
  151  9:55  Medivac x2  
  158  10:16  Unknown  
  158  10:18  Marine x2  
  158  10:19  Marine x6  
  169  10:38  Unknown  
Show
View Real Time Build Order
Export as new Build Order

A.I. 1 (Very Easy) Zerg 

Build Orders: Hatch First 

Get SALT Encoding   

  12  0:01  Drone  
  13  0:12  Overlord  
  13  0:17  Drone  
  14  0:43  Hatchery  
  14  0:45  Drone  
  14  1:04  Spawning Pool  
  13  1:05  Extractor  
  13  1:08  Drone  
  13  1:15  Drone  
  14  1:21  Overlord  
  14  1:51  Zergling x2, Queen  
  14  1:53  Zergling x2  
  18  2:00  Roach Warren  
  17  2:05  Drone  
  17  2:08  Extractor  
  17  2:13  Drone  
  18  2:18  Zergling x2  
  19  2:23  Drone  
  20  2:30  Drone  
  21  2:37  Drone  
  22  2:45  Drone  
  23  2:52  Drone  
  24  2:59  Drone  
  24  3:04  Roach  
  27  3:06  Drone  
  28  3:14  Overlord  
  28  3:19  Drone  
  29  3:26  Drone  
  30  3:33  Drone  
  31  3:40  Drone  
  32  3:48  Drone  
  33  3:50  Overlord  
  33  3:51  Roach  
  33  3:55  Drone  
  36  3:59  Lair  
  36  4:02  Drone  
  37  4:10  Drone  
  38  4:17  Drone  
  39  4:24  Drone  
  40  4:32  Drone  
  40  4:33  Overlord  
  40  4:37  Roach  
  43  4:39  Drone  
  44  4:46  Drone  
  45  4:53  Drone  
  45  4:58  Overseer  
  46  5:00  Overseer  
  46  5:01  Drone  
  47  5:08  Drone  
  47  5:10  Extractor  
  47  5:15  Extractor, Drone  
  46  5:22  Drone  
  46  5:24  Roach  
  44  5:29  Drone  
  44  5:30  Queen  
  42  5:36  Drone  
  43  5:44  Drone  
  44  6:10  Roach  
  44  6:31  Queen  
  44  6:32  Overseer  
  44  6:33  Overlord, Drone  
  39  6:41  Drone  
  33  6:48  Drone  
  28  6:55  Drone  
  28  6:57  Zergling x2  
  26  7:02  Drone  
  24  7:09  Drone  
  23  7:18  Drone  
  23  7:23  Queen  
  23  7:34  Drone  
  22  7:41  Drone  
  22  7:48  Drone  
  23  7:54  Zergling x2  
  23  7:55  Drone  
  24  8:06  Drone  
  23  8:17  Drone, Queen  
  23  8:22  Zergling x2  
  23  8:31  Drone  
  23  8:38  Drone  
  24  8:45  Drone  
  24  8:51  Zergling x2  
  24  8:52  Drone  
  25  8:59  Drone  
  23  9:10  Queen  
  23  9:11  Drone  
  23  9:21  Drone  
  23  9:28  Drone  
  22  9:42  Drone  
  23  9:51  Zergling x2  
  22  9:53  Drone  
  20  10:00  Drone  
  21  10:07  Drone  
  21  10:09  Overseer  
  21  10:15  Roach  
  21  10:17  Drone  
  20  10:37  Spawning Pool  
Tags
 
Add a new tag
Caveats
  • Supply blocks, unpowered buildings, or Contaminate may cause inaccurate times.
  • Supply counts are checked every 10 seconds.